 Dungeon Crawl Stone Soup version bcrawl-1.37 (webtiles) character file.

Game seed: 17540386011665222635

26344659 zoran the Skeletal Arbalest (level 27, 198/198 (199) HPs)
             Began as a Skeleton Hunter on Oct 1, 2022.
             Was an Initiate of Gozag.
             Escaped with the Orb
             ... and 15 runes!
             The game lasted 06:02:35 (82051 turns).

zoran the Skeletal Arbalest (Skeleton Hunter)      Turns: 82051, Time: 06:02:35

HP:   198/198 (199) AC: 55    Str: 37    XL:     27
MP:   40/40         EV: 16    Int: 24    God:    Gozag
Gold: 3503          SH:  0    Dex: 11    Spells: 41/46 levels left

rFire    + + +     GDR:     43% a - +9 triple crossbow (velocity)
rCold    + + +     SeeInvis +   (shield currently unavailable)
rNeg     + + +     Gourm    .   n - +14 crystal plate armour
rPois    ∞         Faith    .   y - +2 helmet
rElec    +         Spirit   +   O - scarf {rC+ rF+}
rCorr    +         Reflect  .   o - +0 pair of gloves of the Moon {rCorr Int+7}
MR       ++++.                  X - +2 pair of boots {Stlth++}
Stlth    ..........             B - amulet "Juteef" {Acrobat rC++ Str+3 SInv Stlth-}
HPRegen  0.43/turn              h - ring "Epocokip" {rElec Int+4 SInv}
MPRegen  0.27/turn              u - ring "Zoru" {+Fly rF++ Str+5 Dex+2}

@: gold aura, studying Long Blades, bribing [the Dungeon, the Tomb of the
Ancients, the Vestibule of Hell, the Iron City of Dis, Gehenna, Cocytus,
Tartarus, the Realm of Zot]
A: no food or potions, cold resistance 1, deterioration 1, negative energy
resistance 3, powered by death 2, torment resistance, unbreathing, magic shield,
sturdy frame 3, spell healing
0: Orb of Zot
}: 15/15 runes: decaying, slimy, silver, golden, iron, obsidian, icy, bone,
abyssal, demonic, glowing, magical, fiery, dark, gossamer
a: Potion Petition, Call Merchant, Bribe Branch, Renounce Religion, Evoke Flight


You escaped.
You worshipped Gozag.
Gozag was most pleased with you.
You were not hungry.

You visited 17 branches of the dungeon, and saw 60 of its levels.
You visited Pandemonium 1 time, and saw 18 of its levels.
You visited the Abyss 1 time.
You also visited: Bailey and Gauntlet.

You collected 46736 gold pieces.
You spent 258 gold pieces at shops.
You paid 42975 gold pieces to Gozag.

Inventory:

Hand Weapons
 a - a +9 triple crossbow of velocity (weapon)
 f - the +4 staff of Dispater
   (You took it off Dispater on level 2 of the Iron City of Dis)
 l - the +7 sceptre of Asmodeus
   (You took it off Asmodeus on level 2 of Gehenna)
 q - a +5 executioner's axe of chopping
Missiles
 b - 290 javelins
 d - 5323 bolts (quivered)
 S - 8 throwing nets {=f}
Armour
 n - a +14 crystal plate armour (worn)
 o - the +0 pair of gloves of the Moon (worn) {rCorr Int+7}
   (You found it on level 1 of the Elven Halls)

   It affects your intelligence (+7).
   It provides partial protection from all sources of acid and corrosion.
 y - a +2 helmet (worn)
 O - a scarf of resistance (worn)
 U - the +2 pair of gloves of Dice, Bag, and Bottle {+Blink Int-2 Dex+10 SInv}
   (You acquired it on level 2 of the Elven Halls)

   It affects your intelligence (-2).
   It affects your dexterity (+10).
   It lets you see invisible.
   It lets you blink.
 X - a +2 pair of boots of stealth (worn)
Jewellery
 h - the ring "Epocokip" (left hand) {rElec Int+4 SInv}
   (You found it on level 2 of the Iron City of Dis)

   [ring of insulation]

   It affects your intelligence (+4).
   It insulates you from electricity.
   It lets you see invisible.
 k - the amulet of the Four Winds {rN+ MR+++ Clar}
   (You found it on level 2 of the Iron City of Dis)

   [amulet of nothing]

   It protects you from negative energy.
   It affects your resistance to hostile enchantments.
   It protects you against confusion.
 u - the ring "Zoru" (right hand) {+Fly rF++ Str+5 Dex+2}
   (You acquired it on level 11 of the Dungeon)

   [ring of dexterity]

   It affects your strength (+5).
   It affects your dexterity (+2).
   It greatly protects you from fire.
   It lets you fly.
 B - the amulet "Juteef" (around neck) {Acrobat rC++ Str+3 SInv Stlth-}
   (You took it off a deep elf annihilator on level 3 of the Elven Halls)

   [amulet of the acrobat]

   It helps you evade while moving and waiting.
   It affects your strength (+3).
   It greatly protects you from cold.
   It lets you see invisible.
   It makes you less stealthy.
 T - the ring "Vitrobb" {rF+ rN+ EV+6}
   (You took it off a deep elf demonologist on level 3 of the Elven Halls)

   [ring of evasion]

   It affects your evasion (+6).
   It protects you from fire.
   It protects you from negative energy.
Wands
 c - a wand of charming (24)
 j - a wand of disintegration (41)
 w - a wand of polymorph (43)
 x - a wand of flame (72)
 A - a wand of iceblast (35)
 C - a wand of acid (31)
 H - a wand of scattershot (14)
 I - a wand of digging (20)
 P - a wand of paralysis (24)
Scrolls
 e - 4 scrolls of immolation
 g - 6 scrolls of teleportation
 p - 2 scrolls of vulnerability
 r - 29 scrolls of remove curse
 v - 2 scrolls of magic mapping
 z - 6 scrolls of fog
 J - 7 scrolls of fear
 N - a scroll of silence
 R - a scroll of blinking
Miscellaneous
 i - a lightning rod (4/4)
 m - the horn of Geryon
 s - a phial of floods
 F - a lamp of fire
 G - 7 boxes of beasts
 Q - a fan of gales (2/2)
 W - a sack of spiders
 Y - a figurine of a ziggurat {!*}


   Skills:
 O Level 27 Fighting
 O Level 27 Axes
 O Level 27 Crossbows
 - Level 5.0 Throwing
 O Level 27 Armour
 - Level 15.0 Dodging
 - Level 5.0 Stealth
 - Level 10.0 Spellcasting
 - Level 10.0 Translocations
 + Level 26.5 Evocations


You had 41 spell levels left.
You knew the following spells:

 Your Spells              Type           Power        Failure   Level  Hunger
l - Blink                 Tloc           N/A          1%          2    N/A
z - Portal Projectile     Tloc           ######       1%          3    N/A

Your spell library contained the following spells:

 Spells                   Type           Power        Failure   Level  Hunger
 Apportation              Tloc           ######       1%          1    N/A
 Blink Other              Tloc           ######       1%          1    N/A
 Beckoning                Tloc           ######....   1%          3    N/A
 Teleport Other           Tloc           ######..     1%          3    N/A
 Force Lance              Tloc           ######..     1%          4    N/A
 Recall                   Summ/Tloc      N/A          4%          3    N/A
 Throw Frost              Conj/Ice       ##....       6%          2    N/A
 Corona                   Hex            ##.....      11%         1    N/A
 Flame Tongue             Conj/Fire      ##...        11%         1    N/A
 Freeze                   Ice            ##....       11%         1    N/A
 Infusion                 Chrm           ##......     11%         1    N/A
 Magic Dart               Conj           ##..         11%         1    N/A
 Necrotize                Necr           ##....       11%         1    N/A
 Sandblast                Erth           ##....       11%         1    N/A
 Shock                    Conj/Air       ##...        11%         1    N/A
 Slow                     Hex            ##......     11%         1    N/A
 Sting                    Conj/Pois      ##..         11%         1    N/A
 Summon Butterflies       Summ           ##......     11%         1    N/A
 Call Imp                 Summ           ##....       16%         2    N/A
 Corpse Rot               Necr           N/A          16%         2    N/A
 Ensorcelled Hibernation  Hex/Ice        ##....       16%         2    N/A
 Flaming Arrows           Chrm/Fire      ##......     16%         2    N/A
 Passwall                 Tmut/Erth      ##......     16%         2    N/A
 Poisonous Vapours        Pois/Air       ##....       16%         2    N/A
 Searing Ray              Conj           ##......     16%         2    N/A
 Shackle                  Hex            ##......     16%         2    N/A
 Song of Slaying          Chrm           ##......     16%         2    N/A
 Sticks to Snakes         Tmut           ##......     16%         2    N/A
 Swiftness                Chrm/Air       ##......     16%         2    N/A
 Dispersal                Tloc           ######....   26%         6    N/A
 Confuse                  Hex            ##......     32%         3    N/A
 Conjure Flame            Conj/Fire      ##......     32%         3    N/A
 Dazzling Orbs            Conj/Hex       ##.....      32%         3    N/A
 False Image              Hex/Summ       ##......     32%         3    N/A
 Ignite Poison            Fire/Tmut/Pois ##......     32%         3    N/A
 Inner Flame              Hex/Fire       N/A          32%         3    N/A
 Iskenderun's Mystic Bla  Conj           ##......     32%         3    N/A
 Mephitic Cloud           Conj/Pois/Air  ##......     32%         3    N/A
 Ozocubu's Armour         Chrm/Ice       ##......     32%         3    N/A
 Spectral Weapon          Hex/Chrm       ##......     32%         3    N/A
 Static Discharge         Air            ##......     32%         3    N/A
 Stone Arrow              Conj/Erth      ##....       32%         3    N/A
 Tukima's Dance           Hex            ##......     32%         3    N/A
 Vampiric Draining        Necr           ##........   32%         3    N/A
 Summon Forest            Summ/Tloc      #####.....   36%         5    N/A
 Agony                    Necr           ##......     71%         4    N/A
 Airstrike                Air            ##........   71%         4    N/A
 Animate Dead             Necr           N/A          71%         4    N/A
 Cause Fear               Hex            ##........   71%         4    N/A
 Fulminant Prism          Conj/Hex       ##........   71%         4    N/A
 Olgreb's Toxic Radiance  Pois           ##.......    71%         4    N/A
 Petrify                  Tmut/Erth      ##........   71%         4    N/A
 Sticky Flame             Conj/Fire      ##......     71%         4    N/A
 Summon Ice Beast         Ice/Summ       ##......     71%         4    N/A
 Summon Scorpions         Summ/Pois      ##......     71%         4    N/A
 Throw Icicle             Conj/Ice       ##......     71%         4    N/A
 Yara's Violent Unravell  Hex/Tmut       ##........   71%         4    N/A
 Controlled Blink         Tloc           ######..     83%         7    N/A
 Bolt of Draining         Conj/Necr      ##........   96%         5    N/A
 Bolt of Magma            Conj/Fire/Erth ##........   96%         5    N/A
 Dispel Undead            Necr           ##......     96%         5    N/A
 Fireball                 Conj/Fire      ##........   96%         5    N/A
 Irradiate                Conj/Tmut      ##........   96%         5    N/A
 Iskenderun's Battlesphe  Conj/Chrm      ##......     96%         5    N/A
 Lightning Bolt           Conj/Air       ##........   96%         5    N/A
 Metabolic Englaciation   Hex/Ice        ##........   96%         5    N/A
 Piercing Shot            Chrm           ##........   96%         5    N/A
 Silence                  Hex/Air        ##........   96%         5    N/A
 Summon Lightning Spire   Summ/Air       ##......     96%         5    N/A
 Summon Mana Viper        Hex/Summ       ##......     96%         5    N/A
 Venom Bolt               Conj/Pois      ##........   96%         5    N/A
 Aura of Abjuration       Summ           ##........   100%        6    N/A
 Bolt of Cold             Conj/Ice       ##........   100%        6    N/A
 Bolt of Fire             Conj/Fire      ##........   100%        6    N/A
 Borgnjor's Vile Clutch   Necr/Erth      ##........   100%        6    N/A
 Conjure Ball Lightning   Conj/Air       ##........   100%        6    N/A
 Death Channel            Chrm/Necr      ##........   100%        6    N/A
 Deflect Missiles         Chrm/Air       ##........   100%        6    N/A
 Freezing Cloud           Ice/Air        ##........   100%        6    N/A
 Infestation              Hex/Tmut/Pois  ##.......    100%        6    N/A
 Invisibility             Hex            ##......     100%        6    N/A
 Iron Shot                Conj/Erth      ##........   100%        6    N/A
 Poison Arrow             Conj/Pois      ##........   100%        6    N/A
 Simulacrum               Ice/Necr       ##......     100%        6    N/A
 Steam Barrier            Chrm/Fire      ##........   100%        6    N/A
 Summon Hydra             Summ           ##........   100%        6    N/A
 Discord                  Hex            ##........   100%        7    N/A
 Icicle Burst             Conj/Ice       ##........   100%        7    N/A
 Mana Rupture             Conj/Hex       ##........   100%        7    N/A
 Orb of Destruction       Conj           ##........   100%        7    N/A
 Shadow Creatures         Summ           N/A          100%        7    N/A
 Spellforged Servitor     Conj/Summ      ##........   100%        7    N/A
 Chain Lightning          Conj/Air       ##........   100%        8    N/A
 Ignition                 Fire           ##........   100%        8    N/A
 Time Stop                Chrm/Tloc      N/A          100%        8    N/A
 Tornado                  Tloc/Air       #####.....   100%        8    N/A
 Dragon's Call            Summ           ##........   100%        9    N/A
 Fire Storm               Conj/Fire      ##........   100%        9    N/A
 Shatter                  Erth           ##........   100%        9    N/A
 Passage of Golubria      Tloc           Unusable     N/A         5    N/A
 Beastly Appendage        Tmut           Unusable     N/A         1    N/A
 Sublimation of Blood     Necr           Unusable     N/A         2    N/A
 Regeneration             Chrm/Necr      Unusable     N/A         3    N/A
 Spider Form              Tmut/Pois      Unusable     N/A         3    N/A
 Ice Form                 Ice/Tmut       Unusable     N/A         4    N/A
 Tree Form                Hex/Tmut       Unusable     N/A         4    N/A
 Blade Hands              Tmut           Unusable     N/A         5    N/A
 Statue Form              Tmut/Erth      Unusable     N/A         6    N/A
 Dragon Form              Tmut           Unusable     N/A         7    N/A
 Necromutation            Tmut/Necr      Unusable     N/A         8    N/A

Dungeon Overview and Level Annotations

Branches:
Dungeon (12/12)            Temple (0/1) D:5            Lair (6/6) D:7
  Swamp (3/3) Lair:4       Spider (3/3) Lair:3        Slime (5/5) Lair:6
    Orc (1/1) D:9             Elf (3/3) Orc          Vaults (3/3) D:11
  Crypt (2/2) Vaults:1       Tomb (3/3) Crypt:2      Depths (5/5) D:12
   Hell (1/1)                 Dis (2/2) Hell            Geh (2/2) Hell
    Coc (2/2) Hell            Tar (2/2) Hell            Zot (5/5) Depths:5

Altars:
Ashenzari
Dithmenos
Gozag
Nemelex Xobeh
Okawaru
Ru
Sif Muna
Xom
Yredelemnul
Jiyva

Shops:
D:12 [   Orc [(!*   Elf:1 }==   Vaults:1 (   Depths:2 [

Portals:
Hell: Depths:1 Depths:2 Depths:3 Depths:4 Depths:5
Abyss: Depths:3 Depths:4 Depths:5
Pandemonium: Depths:3
Ziggurat: Depths:2
Trove: D:9 (give 2 scrolls of acquirement)

Annotations:
D:9 2 transporters, Exe's ghost, journeyman MiAc
Lair:1 yrara's ghost, journeyman DsFi
Spider:2 Roxanne
Elf:1 6 runed translucent doors
Elf:2 3 runed doors, Asterion
Depths:5 Lom Lobon
Zot:3 2 runed doors


Innate Abilities, Weirdness & Mutations

You do not eat or drink.
You are immune to poison.
Your flesh is cold resistant. (rC+)
Your body sometimes deteriorates upon taking damage.
You are immune to negative energy. (rN+++)
You regenerate health from kills.
You are immune to unholy pain and torment.
You can survive without breathing.
When hurt, damage is shared between your health and your magic reserves.
Your movements are significantly less encumbered by armour. (ER -6)
Casting spells heals you.


Message History

Okay, then.
Firing (i - inventory. (/) - cycle)
d - 5323 bolts (quivered)
Press: ? - help, Shift-Dir - straight line, f - you Really target yourself?
Okay, then.
(D) Dungeon (T) Temple (L) Lair (S) Swamp (N) Spider Nest (M) Slime Pits (O) Orcish Mines (E) Elven Halls (V) Vaults (C) Crypt (W) Tomb (U) Depths (H) Hell (I) Dis (G) Gehenna (X) Cocytus (Y) Tartarus (Z) Zot
Where to? (Enter - D:1 @ (x,y), ? - help)
Okay, then.
Unknown command.
No path to travel!
You open the door.
There is an open door here.
There is a stone staircase leading down here.
There is a staircase leading out of the dungeon here.
The power of the Orb breaks the dimensional shunt like a soap bubble!
You have escaped!

...!.....########.####.###.......
######.#.......##.#...(....######
#...≈≈≈≈...#$...≈≈≈≈..#
#..≈≈≈≈≈≈....§.§§§≈§≈.#
#..≈≈≈≈≈≈......§§§§§≈.#
#..≈≈≈≈≈≈....1.§≈§≈≈≈.#
#...≈≈≈≈..####..≈≈≈≈..######
#........#+##'#.............
##.......##@>##.#########...
######..#'##'#.# #... ##..####..#
##.. ##......## #.. ######## #..
#.. #.. ###


There were no monsters in sight!

Vanquished Creatures
  Asmodeus (Geh:2)
  Dispater (Dis:2)
  Antaeus (Coc:2)
  A pandemonium lord (Pan)
  the Serpent of Hell (Geh:2)
  Gloorx Vloq (Pan)
  Mnoleg (Pan)
  5 juggernauts
  5 ancient liches
  Xtahua (Zot:3)
  8 orbs of fire
  24 greater mummies
  Boris (Depths:4)
  8 Killer Klowns
  Sojobo (Depths:2)
  7 golden dragons
  Margery (Depths:3)
  A curse toe (Zot:4)
  Geryon (Hell)
  3 rockslimes
  4 bone dragons
  3 Orb Demons
  5 Shadow Fiends
  15 Brimstone Fiends
  2 doom hounds (Tar:2)
  3 electric golems
  4 iron giants (Dis:2)
  2 hellephants (Geh:2)
  21 tentacled monstrosities
  26 Orb Guardians
  18 Ice Fiends
  6 Hell Sentinels
  18 liches
  2 titans (Vaults:3)
  10 quicksilver dragons
  6 ancient champions
  25 acid blobs
  2 deep elf blademasters (Elf:3)
  A deep elf master archer (Elf:3)
  13 sphinxes
  3 death cobs
  19 Executioners
  An eldritch tentacle (Pan)
  A thorn hunter (Swamp:3)
  9 shadow dragons
  9 storm dragons
  3 tentacled starspawn
  6 tengu reavers
  6 draconian knights
  15 frost giants
  13 war gargoyles
  An iron golem (Dis:2)
  4 draconian monks
  7 azure jellies
  A revenant (Tomb:1)
  12 fire giants
  12 deep elf sorcerers
  30 balrugs
  14 cacodemons
  2 vault wardens
  14 iron dragons
  An orc warlord (Vaults:2)
  6 emperor scorpions (Spider:3)
  4 ghost moths
  An angel (D:12)
  2 warmongers (Pan)
  5 draconian shifters
  2 curse skulls (Pan)
  26 stone giants
  4 draconian scorchers
  An elemental wellspring (Coc:2)
  11 draconian annihilators
  9 ironheart preservers
  30 very ugly things
  3 deep elf elementalists (Elf:3)
  15 reapers
  5 draconian stormcallers
  2 eyes of devastation
  19 ghouls
  13 green draconians
  4 bennus (Tomb:1)
  8 black draconians
  6 vampire knights
  3 spriggan defenders
  6 lorocyprocas
  14 white draconians
  7 purple draconians
  5 deep elf annihilators
  7 deep elf demonologists
  A black sun (Pan)
  2 entropy weavers
  10 red draconians
  2 spectral titans (Coc:2)
  10 yellow draconians
  A spark wasp (Depths:4)
  6 deep elf death magi
  20 blizzard demons
  Snorg (D:11)
  14 ettins
  4 quicksilver dragon zombies
  4 crystal guardians
  7 green deaths
  21 mummy priests
  9 fire dragons
  5 yaktaur captains
  8 deep elf high priests
  5 jiangshi
  20 ice dragons
  7 hell beasts
  12 vault guards
  A caustic shrike simulacrum (Depths:3)
  A quicksilver dragon skeleton (Geh:1)
  Erolcha (Orc)
  7 rakshasas
  A catoblepas (Lair:6)
  A ghost crab (Tar:2)
  5 spriggan air magi
  2 shambling mangroves
  10 great orbs of eyes
  6 shadow wraiths (Pan)
  17 hydras
  A spectral fire giant (Tar:2)
  A death knight (Crypt:1)
  3 death oozes
  4 deep troll shamans
  11 alligators
  2 queen ants
  19 two-headed ogres
  49 death scarabs
  14 hell hogs (Geh:2)
  3 titan zombies
  16 ogre magi
  3 deep troll earth magi
  3 tengu warriors
  5 vampire magi
  A storm dragon zombie (Crypt:2)
  49 sun demons
  4 thrashing horrors
  3 spriggan berserkers
  2 wretched stars (Abyss:4)
  8 sixfirhies (Pan)
  17 soul eaters
  A titan skeleton (Geh:2)
  18 deep elf knights
  2 goliath frogs
  12 deep trolls
  16 centaur warriors
  2 iron trolls (Depths:2)
  49 skeletal warriors
  2 salamander mystics (Depths:1)
  2 unseen horrors (Pan)
  An unseen horror (shapeshifter) (D:8)
  4 storm dragon skeletons
  9 starcursed masses (Abyss:4)
  A torturous demonspawn (Pan)
  45 hell knights
  8 flayed ghosts
  2 spectral iron dragons
  3 spriggan druids
  A golden dragon skeleton (Dis:2)
  A ghost moth zombie (Tomb:1)
  4 infernal demonspawn (Pan)
  6 swamp dragons (Swamp:3)
  An orange crystal statue (Depths:1)
  21 deep elf archers
  8 shadow demons
  An obsidian statue (Zot:5)
  2 gelid demonspawn (Pan)
  An anaconda zombie (Hell)
  A wolf spider zombie (Tomb:1)
  7 glowing orange brains
  10 orc knights
  A tengu zombie (D:12)
  14 phantasmal warriors
  A shadow dragon zombie (Crypt:2)
  12 ironheart convokers
  2 anaconda skeletons
  13 wizards
  A tengu skeleton (Depths:3)
  7 cyclopes
  A harpy (shapeshifter) (D:11)
  An iron dragon zombie (Crypt:1)
  13 necromancers
  2 lindwurms (Lair:6)
  12 orb spiders
  A frost giant zombie (Dis:2)
  10 wolf spiders
  54 deep elf magi
  2 orc sorcerers
  A fire giant zombie (Dis:2)
  2 manticores
  A spectral ettin (Coc:2)
  26 ugly things
  8 salamanders
  6 shining eyes
  A worldbinder (Abyss:1)
  5 shadow dragon skeletons
  A stone giant zombie (Depths:1)
  An iron dragon skeleton (Crypt:2)
  4 frost giant skeletons
  3 fire giant skeletons
  19 moths of wrath
  A sea snake zombie (Crypt:1)
  3 human skeletons
  11 elephants
  6 will-o'-wisps
  17 smoke demons
  3 stone giant skeletons
  6 vault sentinels
  25 rust devils
  15 cane toads
  4 storm dragon simulacra (Coc:2)
  6 titan simulacra (Coc:2)
  27 jumping spiders
  13 molten gargoyles
  25 orange demons
  7 torpor snails
  5 komodo dragons
  A human zombie (Vaults:1)
  9 demonic crawlers
  17 hellions
  72 flying skulls
  2 rime drakes
  18 ice devils
  4 anaconda simulacra (Coc:2)
  12 efreet
  34 yaktaurs
  33 guardian mummies
  A kobold demonologist (D:11)
  8 tormentors
  13 freezing wraiths
  An eye of draining (Pan)
  2 spriggan skeletons (Depths:1)
  4 tengu conjurers
  3 ancient zymes
  2 silent spectres (Dis:2)
  An elf (Vaults:2)
  A queen bee (Spider:1)
  A spectral harpy (Tar:2)
  2 catoblepas skeletons
  15 hellwings
  A golden dragon simulacrum (Coc:2)
  A merfolk (shapeshifter) (Vaults:3)
  A wolf spider simulacrum (Lair:4)
  An eye of draining (shapeshifter) (D:12)
  7 trolls
  25 red devils
  11 polar bears
  5 hydra zombies
  A hornet (shapeshifter) (Vaults:3)
  17 blink frogs
  135 slime creatures
  25 hornets
  2 harpy skeletons
  A slime creature (shapeshifter) (Depths:3)
  A fire dragon zombie (Crypt:2)
  An ice dragon zombie (Crypt:2)
  A sphinx simulacrum (Vaults:1)
  9 tyrant leeches
  2 alligator zombies (Hell)
  32 bog bodies
  A deep troll zombie (D:12)
  2 hydra skeletons
  A raiju (Lair:6)
  5 hippogriffs
  3 ettin zombies
  A deep troll skeleton (D:12)
  8 shadows
  13 ynoxinuls (Pan)
  Sigmund (D:4)
  2 alligator skeletons
  8 fire dragon skeletons
  3 ettin skeletons
  11 water elementals
  20 tarantellas
  A wyvern (D:11)
  4 air elementals
  2 ice dragon skeletons
  5 wraiths
  34 large abominations
  16 ushabtiu
  12 spriggans
  4 fire bats (Depths:1)
  A fire bat (shapeshifter) (Depths:4)
  A wind drake zombie (Crypt:1)
  18 yaks
  A vampire (D:10)
  A basilisk (Lair:6)
  18 fire elementals
  72 redbacks
  4 small abominations
  9 golden eyes (Slime:5)
  13 neqoxecs
  10 chaos spawn
  22 vampire mosquitoes
  9 swamp worms
  9 wargs
  An acid dragon (D:5)
  A cane toad zombie (Hell)
  6 hydra simulacra (Coc:2)
  8 water moccasins
  35 hell hounds
  8 porcupines
  10 soldier ants (Spider:2)
  11 crocodiles
  A floating eye (Depths:2)
  A snapping turtle zombie (Dis:2)
  6 swamp drakes
  A faun skeleton (Crypt:1)
  An ice beast (shapeshifter) (Depths:4)
  8 sky beasts
  A cane toad skeleton (Coc:2)
  43 orc warriors
  5 ice beasts
  12 black bears
  A swamp dragon zombie (Crypt:2)
  12 necrophages
  19 ogres
  4 phantoms
  2 hornet zombies
  30 wolves
  10 boggarts
  A blink frog skeleton (Crypt:1)
  A manticore skeleton (Geh:2)
  A snapping turtle skeleton (Dis:2)
  9 bullfrogs
  2 draconian zombies (Crypt:1)
  A kobold brigand (D:9)
  Blork the orc (D:4)
  2 earth elementals (Elf:2)
  A wyvern zombie (D:9)
  A gnoll sergeant (D:9)
  A wyvern skeleton (D:9)
  3 cane toad simulacra
  11 centaurs
  A spriggan zombie (Crypt:1)
  3 scorpions
  8 killer bees (Spider:1)
  3 wights (D:11)
  A swamp dragon simulacrum (Coc:2)
  A howler monkey (D:6)
  4 electric eels
  15 orc priests
  4 crimson imps
  6 jellies
  2 quasits
  A wolf skeleton (Crypt:1)
  9 hounds
  2 bullfrog zombies
  2 bullfrog skeletons
  3 iron imps (Dis:2)
  A water moccasin simulacrum (Lair:4)
  Jessica (D:2)
  An iguana (D:6)
  4 hell rats
  22 orc wizards
  26 worker ants
  A bullfrog simulacrum (Lair:4)
  2 basilisk simulacra (Lair:4)
  A hound zombie (D:6)
  A porcupine simulacrum (Lair:4)
  2 hound skeletons (D:9)
  25 mummies
  12 adders
  9 gnolls
  A river rat (shapeshifter) (Vaults:3)
  A scorpion zombie (Crypt:1)
  A centaur skeleton (Geh:2)
  4 shadow imps
  7 white imps
  An ufetubus (Pan)
  7 oozes
  6 worms
  2 dart slugs
  4 leopard geckos
  107 orcs
  3 ball pythons (D:1)
  3 goblins
  9 hobgoblins
  16 jackals
  17 kobolds
  6 quokkas
  3 bats (D:1)
  4 frilled lizards
  6 rats
  3 ball lightnings (Pan)
  4 fungi
  9 plants
  2 starspawn tentacles (Abyss:1)
3290 creatures vanquished.

Vanquished Creatures (collateral kills)
  Ereshkigal (Tar:2)
  A juggernaut (Depths:4)
  A greater mummy (Tomb:3)
  A caustic shrike (Depths:4)
  An iron giant (Dis:2)
  A Brimstone Fiend (Pan)
  A tentacled monstrosity (Zot:5)
  A lich (Crypt:2)
  A tengu reaver (Depths:4)
  An iron dragon (Depths:4)
  Aizul (Spider:1)
  2 war gargoyles
  A vault warden (Vaults:3)
  An ironheart preserver (Vaults:3)
  2 bennus (Tomb:1)
  A minotaur (Gauntlet)
  A black sun (Pan)
  A deep elf death mage (Tar:2)
  2 mummy priests (Tomb:2)
  A yaktaur captain (Vaults:3)
  A jiangshi (Tar:2)
  Sonja (D:11)
  A great orb of eyes (Depths:1)
  2 death oozes (Slime:5)
  2 death scarabs (Tomb:3)
  A deep troll (Vaults:3)
  Nergalle (D:11)
  A gelid demonspawn (Pan)
  A hell knight (Crypt:2)
  An ironheart convoker (Vaults:3)
  A phantasmal warrior (Vaults:3)
  An orb spider (Spider:3)
  2 vault sentinels (Vaults:3)
  2 flying skulls (Tomb:1)
  2 guardian mummies
  A red devil (Geh:2)
  A spriggan (Depths:4)
  A tarantella (Spider:3)
  A chaos spawn (Pan)
  A swamp worm (shapeshifter) (Vaults:3)
  An orc wizard (D:11)
  2 mummies
  2 orcs (D:11)
  A fire vortex (Pan)
54 creatures vanquished.

Vanquished Creatures (others)
  the Royal Jelly (Slime:5)
  An ancient lich (Depths:4)
  7 greater mummies
  2 Shadow Fiends (Tar:2)
  2 liches
  4 acid blobs (Slime:5)
  A death cob (Zot:5)
  2 ancient champions
  An eldritch tentacle (Dis:2)
  A revenant (Tomb:3)
  A frost giant (Vaults:2)
  2 azure jellies (Slime:5)
  A fire giant (Vaults:3)
  2 stone giants (Vaults:2)
  3 reapers (Tar:2)
  A draconian scorcher (Zot:1)
  A deep elf demonologist (Elf:1)
  4 bennus
  A black draconian (Zot:3)
  2 entropy weavers (Spider:2)
  8 mummy priests
  A spectral golden dragon (Tar:2)
  A yaktaur captain (Vaults:3)
  20 vault guards (Vaults:3)
  An ice dragon (Coc:2)
  A ghost crab (Tar:2)
  A rakshasa (Pan)
  3 death oozes (Slime:5)
  14 death scarabs
  A vampire mage (Tar:2)
  19 dancing weapons
  An orc high priest (Elf:1)
  A deep troll (Vaults:2)
  A deep elf knight (Vaults:2)
  2 skeletal warriors (Tomb:3)
  A hell knight (Geh:2)
  2 shadow demons (D:4)
  A deep elf archer (Elf:1)
  An ironheart convoker (Vaults:2)
  An anaconda skeleton (Geh:2)
  A necromancer (Geh:2)
  2 deep elf magi (Elf:1)
  2 moths of wrath (Zot:5)
  A rust devil (Dis:2)
  A stone giant skeleton (Geh:2)
  A hellion (Geh:2)
  A yaktaur (Vaults:2)
  12 guardian mummies
  2 bog bodies
  A slime creature (Slime:5)
  4 shadows (Tar:2)
  17 ushabtiu
  A redback (Spider:2)
  A water moccasin (Lair:6)
  6 soldier ants (Spider:2)
  A necrophage (Tar:2)
  2 orc warriors (Elf:1)
  An orc priest (Elf:1)
  A crimson imp (Hell)
  A human skeleton (Geh:2)
  12 worker ants (Spider:2)
  10 mummies
  5 orcs (Elf:1)
  34 ball lightnings (Pan)
  4 fire vortices (Pan)
  8 fungi
  47 plants
  8 starspawn tentacles
  A withered plant (D:12)
309 creatures vanquished.

Grand Total: 3653 creatures vanquished

Notes
Turn   | Place    | Note
-------+----------+-------------------------------------------
     0 | D:1      | zoran the Skeleton Hunter began the quest for the Orb.
     0 | D:1      | Reached XP level 1. HP: 12/12 MP: 1/1
   209 | D:1      | Reached skill level 5 in Crossbows
   209 | D:1      | Reached XP level 2. HP: 17/17 MP: 2/2
   665 | D:1      | Reached XP level 3. HP: 12/22 MP: 0/3
   806 | D:2      | Noticed Jessica
   823 | D:2      | Killed Jessica
   824 | D:2      | Reached XP level 4. HP: 27/27 MP: 4/4
   861 | D:2      | Found a shimmering altar of Xom.
  1038 | D:2      | Found a sacrificial altar of Ru.
  1039 | D:2      | Found a shadowy altar of Dithmenos.
  1039 | D:2      | Found an opulent altar of Gozag.
  1163 | D:2      | Became a worshipper of Gozag Ym Sagoz the Greedy
  1542 | D:3      | Reached XP level 5. HP: 32/32 MP: 5/5
  2046 | D:3      | Gained mutation: You regenerate a little health from kills.
                  | [Skeleton growth]
  2046 | D:3      | Reached XP level 6. HP: 27/40 MP: 6/6
  2192 | D:2      | Reached skill level 5 in Fighting
  2276 | D:3      | Reached skill level 1 in Armour
  2568 | D:4      | Noticed a sky beast
  2587 | D:4      | Killed a sky beast
  2665 | D:4      | Reached XP level 7. HP: 44/44 MP: 7/7
  2855 | D:4      | Noticed Sigmund
  2915 | D:4      | Killed Sigmund
  3017 | D:4      | Noticed Blork the orc
  3022 | D:4      | Killed Blork the orc
  3023 | D:4      | Reached XP level 8. HP: 40/52 MP: 6/8
  3819 | D:5      | Entered Level 5 of the Dungeon
  3949 | D:5      | Reached skill level 5 in Armour
  3949 | D:5      | Reached skill level 1 in Evocations
  4257 | D:5      | Found a staircase to the Ecumenical Temple.
  4837 | D:5      | Reached XP level 9. HP: 52/57 MP: 9/11
  5059 | D:6      | Found a shimmering altar of Xom.
  5061 | D:6      | Found a shimmering altar of Xom.
  5366 | D:6      | Found a shimmering blue altar of Sif Muna.
  5369 | D:6      | Found a glowing golden altar of the Shining One.
  5430 | D:7      | Found a sparkling altar of Nemelex Xobeh.
  6017 | D:7      | Found a shattered altar of Ashenzari.
  6412 | D:7      | Reached skill level 10 in Crossbows
  6934 | D:7      | Found a blossoming altar of Fedhas.
  7068 | D:7      | Found a staircase to the Lair.
  7078 | D:7      | Reached skill level 5 in Evocations
  7165 | D:7      | Noticed a troll
  7375 | D:7      | Found an iron altar of Okawaru.
  7488 | D:7      | Killed a troll
  7566 | Lair:1   | Entered Level 1 of the Lair of Beasts
  7566 | Lair:1   | Noticed a six-headed hydra
  7571 | Lair:1   | Noticed a komodo dragon
  7571 | Lair:1   | Noticed a cane toad
  7595 | Lair:1   | Killed a komodo dragon
  7596 | Lair:1   | Gained mutation: Your movements are less encumbered by
                  | armour. (ER -4) [Skeleton growth]
  7596 | Lair:1   | Reached XP level 10. HP: 40/68 MP: 8/13
  7631 | D:7      | Killed a six-headed hydra
  7632 | D:7      | Reached skill level 10 in Fighting
  7770 | Lair:1   | Noticed a four-headed hydra
  7780 | Lair:1   | Killed a four-headed hydra
  7869 | Lair:1   | Killed a cane toad
  7955 | Lair:1   | Noticed a cane toad
  7958 | Lair:1   | Killed a cane toad
  7992 | Lair:1   | Noticed a cane toad
  7996 | Lair:1   | Killed a cane toad
  8040 | Lair:1   | Reached skill level 10 in Armour
  8276 | Lair:1   | Found a glowing golden altar of the Shining One.
  8389 | Lair:1   | Found a runed translucent gate.
  8393 | Lair:1   | Found a runed translucent gate.
  8401 | Lair:1   | Found a runed translucent gate.
  8403 | Lair:1   | Noticed yrara's ghost (journeyman DsFi)
  8718 | Lair:1   | Reached XP level 11. HP: 29/72 MP: 6/15
  9062 | Lair:2   | Got an ichor-stained dagger
  9147 | Lair:2   | Identified the +4 dagger of Resourcefulness {venom, rF+ rN+
                  | Str+3} (You found it on level 2 of the Lair of Beasts)
  9893 | Lair:3   | Found a gate leading to a gauntlet.
  9971 | Gauntlet | Entered a Gauntlet
  9971 | Gauntlet | Found a transporter.
  9979 | Gauntlet | Noticed a fire crab
  9980 | Gauntlet | Found a transporter.
  9995 | Gauntlet | Found a transporter.
 10001 | Gauntlet | Found a transporter.
 10015 | Gauntlet | Noticed a hell hog
 10016 | Gauntlet | Found a transporter.
 10035 | Gauntlet | Found a transporter.
 10035 | Gauntlet | Noticed a hell hog
 10047 | Gauntlet | Found a transporter.
 10047 | Gauntlet | Noticed a catoblepas
 10059 | Gauntlet | Found a transporter.
 10062 | Gauntlet | Noticed a hell beast
 10071 | Gauntlet | Found a transporter.
 10079 | Gauntlet | Noticed a death yak
 10079 | Gauntlet | Noticed a death yak
 10080 | Gauntlet | Noticed a death yak
 10080 | Gauntlet | Noticed a death yak
 10081 | Gauntlet | Noticed a necromancer
 10083 | Gauntlet | Found a transporter.
 10100 | Gauntlet | Found a transporter.
 10117 | Gauntlet | Found a transporter.
 10119 | Gauntlet | Found a transporter.
 10120 | Gauntlet | Noticed a wizard
 10145 | Gauntlet | Found a transporter.
 10147 | Gauntlet | Found a transporter.
 10149 | Gauntlet | Found a transporter.
 10171 | Gauntlet | Found a transporter.
 10251 | Gauntlet | Found a transporter.
 10461 | Gauntlet | Got a smouldering leather armour
 10884 | Gauntlet | Noticed a minotaur
 10913 | Gauntlet | Killed a minotaur
 10987 | Lair:3   | Found a hole to the Spider Nest.
 10987 | Lair:3   | Noticed an orb spider
 10994 | Lair:3   | Killed an orb spider
 10995 | Lair:3   | Reached skill level 5 in Dodging
 11215 | Lair:3   | Got a spiked ring mail
 12217 | Lair:4   | Found a staircase to the Swamp.
 12398 | Lair:4   | Identified a scroll of acquirement
 12399 | Lair:4   | Identified the ring of Nad Ejij {+Fly MR+ EV+5 Dex+4} (You
                  | acquired it on level 4 of the Lair of Beasts)
 12412 | Lair:4   | Identified the +2 ring mail of Youthful Indiscretion {Str+3
                  | Slay+3 SInv} (You found it on level 3 of the Lair of
                  | Beasts)
 12422 | Lair:4   | Identified the +3 leather armour "Luemetawk" {-Cast rCorr
                  | Int+2} (You found it in a Gauntlet)
 12524 | Lair:4   | Reached XP level 12. HP: 72/80 MP: 15/17
 12543 | Lair:4   | Found a transporter.
 12626 | Lair:4   | Noticed a seven-headed hydra
 12636 | Lair:4   | Killed a seven-headed hydra
 13372 | Lair:4   | Found a transporter.
 13630 | Lair:5   | Noticed an eight-headed hydra
 13636 | Lair:5   | Killed an eight-headed hydra
 14153 | Lair:4   | Reached skill level 1 in Throwing
 14306 | Lair:5   | Noticed a four-headed hydra
 14316 | Lair:5   | Killed a four-headed hydra
 14317 | Lair:5   | Reached skill level 10 in Evocations
 14922 | Lair:6   | Entered Level 6 of the Lair of Beasts
 14966 | Lair:6   | Noticed a six-headed hydra
 14987 | Lair:6   | Killed a six-headed hydra
 15014 | Lair:6   | Noticed a seven-headed hydra
 15027 | Lair:6   | Killed a seven-headed hydra
 15167 | Lair:6   | Reached skill level 5 in Throwing
 15635 | Lair:6   | Reached XP level 13. HP: 62/86 MP: 14/20
 15870 | Lair:5   | Reached skill level 5 in Stealth
 15870 | Lair:5   | Reached skill level 1 in Axes
 16198 | Lair:6   | Found a viscous altar of Jiyva.
 16199 | Lair:6   | Found a staircase to the Slime Pits.
 16200 | Lair:6   | Found a viscous altar of Jiyva.
 16401 | Lair:6   | Reached skill level 5 in Axes
 16840 | Lair:6   | Found a runed door.
 17748 | Lair:6   | HP: 4/86 [black bear (8)]
 18110 | Lair:6   | Reached skill level 10 in Axes
 19154 | D:8      | Found a flagged portal.
 19169 | Bailey   | Entered a bailey
 20235 | D:9      | Found a roughly hewn altar of Beogh.
 20235 | D:9      | Found a staircase to the Orcish Mines.
 20297 | D:9      | Reached XP level 14. HP: 92/92 MP: 19/21
 20726 | D:9      | Found a transporter.
 20801 | D:9      | Found a transporter.
 20805 | D:9      | Noticed Exe's ghost (journeyman MiAc)
 21195 | D:9      | Found a portal to a secret trove of treasure.
 21358 | Orc      | Entered the Orcish Mines
 21358 | Orc      | Noticed Erolcha
 21368 | Orc      | Killed Erolcha
 21756 | Orc      | Found a staircase to the Elven Halls.
 22622 | Orc      | Found Opira's Distillery.
 22622 | Orc      | Found Qigeigri's Assorted Antiques.
 22637 | Orc      | Bought a scroll of identify for 38 gold pieces
 22651 | Orc      | Bought a scroll of identify for 38 gold pieces
 22809 | Orc      | Found a roughly hewn altar of Beogh.
 23220 | Orc      | Found Luvoa's Armour Boutique.
 23220 | Orc      | Found Duv Myxu's Antique Weapon Emporium.
 23245 | Orc      | Bought a glowing hand crossbow for 182 gold pieces
 23488 | D:10     | Entered Level 10 of the Dungeon
 23570 | D:10     | Got an ichor-stained robe
 23571 | D:10     | Identified the +1 robe of Buirhyrui {+Blink rC+++ rN+++
                  | Int-4} (You found it on level 10 of the Dungeon)
 23736 | D:10     | Reached skill level 15 in Axes
 23946 | D:11     | Noticed Nergalle
 23949 | D:11     | Noticed Sonja
 24215 | D:11     | Your ally died
 24216 | D:11     | Killed Nergalle
 24460 | D:11     | Found a gate to the Vaults.
 24467 | D:11     | Identified the ring "Zoru" {+Fly rF++ Str+5 Dex+2} (You
                  | acquired it on level 11 of the Dungeon)
 24531 | D:11     | Noticed Snorg
 24580 | D:11     | Killed Snorg
 25034 | D:12     | Entered Level 12 of the Dungeon
 25889 | D:12     | Found a staircase to the Depths.
 26139 | Lair:6   | Reached XP level 15. HP: 71/100 MP: 14/22
 26287 | Spider:1 | Entered Level 1 of the Spider Nest
 26866 | Spider:1 | Noticed Aizul
 26892 | Spider:1 | Killed Aizul
 27893 | Spider:2 | Reached skill level 15 in Fighting
 28164 | Spider:2 | Noticed Roxanne
 28884 | Spider:3 | Entered Level 3 of the Spider Nest
 28961 | Spider:3 | Found the +8 trident of the Octopus King {venom, rElec
                  | rPois MR+}
 30047 | Spider:3 | Gained mutation: You regenerate health from kills.
                  | [Skeleton growth]
 30047 | Spider:3 | Reached XP level 16. HP: 90/108 MP: 20/23
 31150 | Spider:3 | Got a gossamer rune of Zot
 31367 | Swamp:1  | Entered Level 1 of the Swamp
 32693 | Swamp:2  | Identified the +1 cloak of Ru's Envy {rN+ Stlth+}
 33050 | Swamp:3  | Entered Level 3 of the Swamp
 33052 | Swamp:3  | Noticed a thorn hunter
 33063 | Swamp:2  | Reached skill level 15 in Armour
 33317 | Swamp:3  | Killed a thorn hunter
 33709 | Swamp:3  | Reached XP level 17. HP: 106/113 MP: 22/24
 34432 | Swamp:3  | Got a decaying rune of Zot
 34740 | Vaults:1 | Entered Level 1 of the Vaults
 34935 | Vaults:1 | Paralysed by a sphinx for 3 turns
 35193 | Vaults:1 | Found a staircase to the Crypt.
 35482 | Vaults:1 | Found Teff's Weapon Shoppe.
 36291 | Vaults:1 | Reached XP level 18. HP: 119/119 MP: 25/25
 37806 | Vaults:2 | Noticed a tentacled monstrosity
 37815 | Vaults:2 | Killed a tentacled monstrosity
 37816 | Vaults:2 | Reached skill level 15 in Crossbows
 38749 | Vaults:2 | Identified the +6 scale mail of the Lich-sworn {rF++ rN+}
                  | (You acquired it on level 2 of the Vaults)
 38749 | Vaults:2 | Identified the ring "Senem" {AC+5 Dex+3} (You acquired it
                  | on level 2 of the Vaults)
 38750 | Vaults:2 | Identified the +0 pair of gloves "Witeuzeta" {rC+} (You
                  | acquired it on level 2 of the Vaults)
 38750 | Vaults:2 | Identified the amulet "Buch" {RegenMP +Blink rC++} (You
                  | acquired it on level 2 of the Vaults)
 38891 | Elf:1    | Entered Level 1 of the Elven Halls
 39343 | Elf:1    | Reached XP level 19. HP: 100/124 MP: 20/26
 39866 | Elf:1    | Found a runed translucent gate.
 39866 | Elf:1    | Found a runed translucent gate.
 39866 | Elf:1    | Found a runed translucent gate.
 39866 | Elf:1    | Found a runed translucent gate.
 39866 | Elf:1    | Found a runed translucent gate.
 39869 | Elf:1    | Found a runed translucent gate.
 39882 | Elf:1    | Identified the cursed +0 pair of gloves of the Moon {rCorr
                  | Int+7}
 40247 | Elf:1    | Found Tuefes's Jewellery Emporium.
 40248 | Elf:1    | Found Mel Naoh's Gadget Shop.
 40249 | Elf:1    | Found Cungagi's Jewellery Emporium.
 40442 | Elf:2    | Found a runed gate.
 40442 | Elf:2    | Found a runed gate.
 40442 | Elf:2    | Noticed Asterion
 40947 | Elf:2    | Found a runed gate.
 40950 | Elf:2    | Identified the +2 buckler of the Hurricane {Regen+} (You
                  | acquired it on level 2 of the Elven Halls)
 40950 | Elf:2    | Identified the ring of Saneaxed {+Fly Int+2} (You acquired
                  | it on level 2 of the Elven Halls)
 41026 | Elf:3    | Entered Level 3 of the Elven Halls
 41438 | Elf:3    | Identified the +1 hand axe of Ifon {freeze, rC+}
 42667 | Elf:3    | Identified the cursed +3 quarterstaff of the Two Names
                  | {freeze, +Fly rElec Int-2 Stlth+}
 42667 | Elf:3    | Identified the ring "Vitrobb" {rF+ rN+ EV+6}
 42848 | Elf:3    | Identified the amulet "Juteef" {Acrobat rC++ Str+3 SInv
                  | Stlth-}
 42854 | Elf:3    | Identified the +6 rapier of Turmoil {vamp, Int+4 SInv}
 43366 | Elf:2    | Identified the +3 triple crossbow of Liabias {velocity,
                  | +Inv rPois Dex-4} (You acquired it on level 2 of the Elven
                  | Halls)
 43366 | Elf:2    | Identified the +2 pair of gloves of Dice, Bag, and Bottle
                  | {+Blink Int-2 Dex+10 SInv} (You acquired it on level 2 of
                  | the Elven Halls)
 43532 | Elf:3    | Gained mutation: Your movements are significantly less
                  | encumbered by armour. (ER -6) [Skeleton growth]
 43532 | Elf:3    | Reached XP level 20. HP: 131/131 MP: 27/27
 43550 | Elf:3    | Identified the +7 battleaxe of Fortitude {pain, +Fly rPois}
 43554 | Elf:3    | Identified the ring of Xocviad {rN++ AC+4 Stlth-}
 43676 | Elf:3    | Identified the cursed +1 scale mail "Donudduo" {rN++ Int-2}
 43760 | Elf:3    | Identified the cursed amulet of the Priest {Inacc Dex+3}
 43891 | Elf:3    | Identified Sif Muna's Catalogue of Dark Enchantment
 43912 | Elf:3    | Identified the Reference Book on Shape Shifting and
                  | Intoxication
 43940 | Elf:3    | Identified the Collected Works on Lucky Snow
 44227 | Crypt:1  | Entered Level 1 of the Crypt
 45118 | Crypt:2  | Entered Level 2 of the Crypt
 45350 | Crypt:2  | Noticed a bone dragon
 45358 | Crypt:2  | Killed a bone dragon
 45910 | Crypt:2  | Found a staircase to the Tomb.
 46052 | Crypt:2  | Noticed a Brimstone Fiend
 46244 | Crypt:2  | Noticed an ancient lich
 46251 | Crypt:2  | Killed an ancient lich
 46340 | Crypt:2  | Found a basalt altar of Yredelemnul.
 47171 | Slime:1  | Entered Level 1 of the Pits of Slime
 47367 | Slime:1  | Reached XP level 21. HP: 144/144 MP: 28/28
 49554 | Slime:5  | Entered Level 5 of the Pits of Slime
 49753 | Slime:5  | Noticed the Royal Jelly
 49873 | Slime:5  | Killed the Royal Jelly
 50014 | Slime:5  | Identified the amulet of Sunlight {RegenMP rPois MR++}
 50020 | Slime:5  | Identified the cursed ring of Fragile Peace {Str+5 Dex-2
                  | Stlth--}
 50024 | Slime:5  | Got a slimy rune of Zot
 50100 | Slime:5  | Identified the cursed ring of Autumn {Fire rElec Dex-5
                  | Stlth+}
 50107 | Slime:5  | Identified the cursed ring "Vuhenah" {Ice Int+2}
 50114 | Slime:5  | Identified Sif Muna's Almanac of Warped Confrontation
 50133 | Slime:5  | Identified the +4 great sword of Scorn {speed, MR++ Str-4}
 51184 | D:12     | Found Wagoma's Armour Emporium.
 51324 | Depths:1 | Entered Level 1 of the Depths
 51518 | Depths:1 | Reached XP level 22. HP: 66/152 MP: 13/29
 52088 | Depths:1 | Noticed a juggernaut
 52110 | Depths:1 | Killed a juggernaut
 52176 | Depths:1 | Found a gateway to Hell.
 53421 | Depths:2 | Noticed Sojobo
 53763 | Depths:2 | Killed Sojobo
 53838 | Depths:2 | Found a gateway to a ziggurat.
 53874 | Depths:2 | Found a shimmering blue altar of Sif Muna.
 53943 | Depths:2 | Identified the Papyrus of the Snowflakes
 53996 | Depths:2 | Identified Ejast's Tome of Evil Good Luck
 53998 | Depths:2 | Identified the Reference Book on Weightlessness and
                  | Necromancy
 54065 | Depths:2 | Identified Veppe's Guide on Arcane Weapons
 54222 | Depths:2 | Paralysed by a floating eye for 3 turns
 54671 | Depths:2 | Found Casing's Armour Boutique.
 55381 | Depths:3 | Reached XP level 23. HP: 155/155 MP: 30/30
 55609 | Depths:3 | Noticed Margery
 55618 | Depths:3 | Killed Margery
 56026 | Depths:3 | Found a one-way gate to the infinite horrors of the Abyss.
 56389 | Depths:3 | Found a one-way gate leading to the halls of Pandemonium.
 56716 | Depths:4 | Noticed a juggernaut
 56731 | Depths:4 | Killed a juggernaut
 56814 | Depths:4 | Noticed a juggernaut
 56836 | Depths:4 | Killed a juggernaut
 56837 | Depths:4 | Noticed an ancient lich
 56849 | Depths:4 | Killed an ancient lich
 57553 | Depths:4 | Reached skill level 27 in Crossbows
 57556 | Depths:4 | Noticed a golden dragon
 57566 | Depths:4 | Killed a golden dragon
 57579 | Depths:4 | Noticed a caustic shrike
 57584 | Depths:4 | Killed a caustic shrike
 57614 | Depths:4 | Reached XP level 24. HP: 163/163 MP: 30/30
 57697 | Depths:4 | Noticed a golden dragon
 57705 | Depths:4 | Killed a golden dragon
 57836 | Depths:4 | Identified the Papyrus of the Fetching Birds
 57860 | Depths:4 | Noticed Boris
 57874 | Depths:4 | Killed Boris
 58093 | Depths:4 | Identified Duuream's Handbook of Floating Darkness
 58650 | Depths:5 | Entered Level 5 of the Depths
 59014 | Depths:5 | Noticed a golden dragon
 59028 | Depths:5 | Killed a golden dragon
 59594 | Depths:5 | Found a gate to the Realm of Zot.
 59933 | Pan      | Entered Pandemonium
 60189 | Pan      | Reached skill level 10 in Dodging
 60328 | Pan      | Got a demonic rune of Zot
 60343 | Pan      | Identified the +5 short sword of Cobwebs {vamp, rF- MR++
                  | Str+2}
 60584 | Pan      | Entered the realm of Mnoleg.
 60783 | Pan      | Noticed Mnoleg
 60807 | Pan      | Killed Mnoleg
 60808 | Pan      | Reached XP level 25. HP: 158/168 MP: 22/30
 60885 | Pan      | Got a glowing rune of Zot
 61074 | Pan      | Entered the realm of Gloorx Vloq.
 61285 | Pan      | Noticed Gloorx Vloq
 61309 | Pan      | Killed Gloorx Vloq
 61363 | Pan      | Got a dark rune of Zot
 61529 | Pan      | Entered the realm of Lom Lobon.
 62023 | Pan      | Noticed Lom Lobon
 62067 | Pan      | Got a magical rune of Zot
 62632 | Pan      | Entered the realm of Cerebov.
 62681 | Pan      | Found an exit through the horrors of the Abyss.
 62766 | Pan      | Noticed Lom Lobon
 62898 | Pan      | Identified the Almanac of Enthralling Feathers
 62993 | Pan      | Identified Sif Muna's Grimoire of Boosting Contamination
 63019 | Pan      | Identified the +6 sword of Cerebov {flame}
 63019 | Pan      | Noticed Cerebov
 63309 | Pan      | Got a fiery rune of Zot
 63566 | Pan      | Reached XP level 26. HP: 181/181 MP: 30/30
 63571 | Pan      | Noticed Meuwnynga the pandemonium lord
 63585 | Pan      | Killed Meuwnynga the pandemonium lord
 63971 | Pan      | Identified the ring "Lescheil" {Dex+4 Stlth--}
 64045 | Pan      | Found an exit through the horrors of the Abyss.
 64053 | Pan      | Took an exit into the Abyss.
 64053 | Abyss:1  | Escaped into the Abyss
 64368 | Abyss:3  | Found a corrupted altar of Lugonu.
 64507 | Abyss:4  | Paralysed by accursed screaming for 1 turns
 64521 | Abyss:4  | Got an abyssal rune of Zot
 64616 | Depths:3 | Escaped the Abyss
 64716 | Zot:1    | Entered Level 1 of the Realm of Zot
 64724 | Zot:1    | Noticed a golden dragon
 64734 | Zot:1    | Killed a golden dragon
 64924 | Zot:1    | Noticed a golden dragon
 64933 | Zot:1    | Killed a golden dragon
 65638 | Zot:2    | Noticed an orb of fire
 65640 | Zot:2    | Noticed an orb of fire
 65641 | Zot:2    | Noticed an orb of fire
 65646 | Zot:1    | Killed an orb of fire
 65713 | Zot:2    | Noticed a golden dragon
 66085 | Zot:2    | Killed a golden dragon
 66174 | Zot:2    | Reached XP level 27. HP: 193/193 MP: 31/31
 66197 | Zot:2    | Killed an orb of fire
 66249 | Zot:2    | Killed an orb of fire
 66377 | Zot:2    | Identified the +4 quarterstaff of Xiz Dier {crush, rPois
                  | rC+ Str-4 Dex+9}
 66956 | Zot:3    | Found a runed door.
 67065 | Zot:3    | Found a runed door.
 67094 | Zot:3    | Found a runed door.
 67094 | Zot:3    | Found a runed door.
 68035 | Zot:4    | Noticed Xtahua
 68049 | Zot:3    | Killed Xtahua
 68739 | Zot:5    | Entered Level 5 of the Realm of Zot
 69248 | Zot:5    | Noticed an orb of fire
 69256 | Zot:5    | Killed an orb of fire
 69277 | Zot:5    | Reached skill level 15 in Evocations
 69352 | Zot:5    | Noticed an ancient lich
 69366 | Zot:5    | Killed an ancient lich
 69367 | Zot:5    | Reached skill level 27 in Fighting
 69587 | Zot:5    | Noticed an ancient lich
 69606 | Zot:5    | Killed an ancient lich
 69784 | Zot:5    | Noticed an orb of fire
 69803 | Zot:5    | Killed an orb of fire
 69876 | Zot:5    | Noticed an ancient lich
 69878 | Zot:5    | Noticed an orb of fire
 69884 | Zot:5    | Killed an ancient lich
 69913 | Zot:5    | Noticed an orb of fire
 69930 | Zot:5    | Killed an orb of fire
 69955 | Zot:5    | Killed an orb of fire
 70099 | Zot:5    | Noticed an orb of fire
 70108 | Zot:5    | Killed an orb of fire
 70747 | Vaults:3 | Entered Level 3 of the Vaults
 70848 | Vaults:3 | Noticed a juggernaut
 70848 | Vaults:3 | Noticed a juggernaut
 70854 | Vaults:3 | Killed a juggernaut
 70871 | Vaults:3 | Killed a juggernaut
 71112 | Vaults:3 | Identified the +8 falchion of the Equinox {venom, rPois
                  | Str-4 Dex+5}
 71195 | Vaults:3 | Identified the Reference Book on Creative Conjuration
 71204 | Vaults:3 | Got a silver rune of Zot
 71287 | Vaults:3 | Identified the +3 mace "Qofoff" {venom, MR+}
 71429 | Vaults:3 | Noticed a juggernaut
 71454 | Vaults:3 | Killed a juggernaut
 71594 | Vaults:3 | Identified the cursed +1 ring mail of the Pits of Slime
                  | {Int+6 Stlth+}
 71626 | Vaults:3 | Identified the +0 long sword "Emaafuna" {elec, Int+3
                  | Stlth+}
 71679 | Vaults:3 | Identified the amulet of Amelioration {Gourm *Slow Str+6}
 71905 | Tomb:1   | Entered Level 1 of the Tomb of the Ancients
 72159 | Tomb:1   | Noticed a greater mummy
 72165 | Tomb:1   | Killed a greater mummy
 72525 | Tomb:1   | Noticed a greater mummy
 72538 | Tomb:1   | Killed a greater mummy
 72685 | Tomb:1   | Noticed a greater mummy
 72693 | Tomb:1   | Killed a greater mummy
 72825 | Tomb:1   | Identified the Catalogue of Rubbish
 72966 | Tomb:2   | Noticed a greater mummy
 72967 | Tomb:2   | Noticed a greater mummy
 72983 | Tomb:2   | Noticed a greater mummy
 72988 | Tomb:2   | Noticed a greater mummy
 72991 | Tomb:2   | Killed a greater mummy
 73501 | Tomb:2   | Killed a greater mummy
 73501 | Tomb:2   | Killed a greater mummy
 73502 | Tomb:2   | Reached skill level 27 in Axes
 73503 | Tomb:2   | Killed a greater mummy
 73743 | Tomb:1   | Noticed a greater mummy
 73745 | Tomb:1   | Noticed a greater mummy
 73765 | Tomb:1   | Noticed a greater mummy
 73767 | Tomb:1   | Killed a greater mummy
 73778 | Tomb:1   | Killed a greater mummy
 73782 | Tomb:1   | Killed a greater mummy
 73788 | Tomb:1   | Noticed a greater mummy
 73793 | Tomb:1   | Killed a greater mummy
 73831 | Tomb:1   | Noticed a greater mummy
 73846 | Tomb:1   | Killed a greater mummy
 73846 | Tomb:1   | Noticed a greater mummy
 73855 | Tomb:1   | Killed a greater mummy
 73910 | Tomb:1   | Noticed a greater mummy
 73915 | Tomb:1   | Killed a greater mummy
 73935 | Tomb:1   | Noticed a greater mummy
 73958 | Tomb:1   | Noticed a greater mummy
 73960 | Tomb:1   | Noticed a greater mummy
 73961 | Tomb:1   | Killed a greater mummy
 73986 | Tomb:1   | Noticed a greater mummy
 74008 | Tomb:1   | Killed a greater mummy
 74010 | Tomb:1   | Killed a greater mummy
 74013 | Tomb:1   | Noticed a greater mummy
 74024 | Tomb:1   | Killed a greater mummy
 74028 | Tomb:1   | Noticed a greater mummy
 74044 | Tomb:1   | Noticed a greater mummy
 74049 | Tomb:1   | Noticed a greater mummy
 74051 | Tomb:1   | Killed a greater mummy
 74058 | Tomb:1   | Killed a greater mummy
 74062 | Tomb:1   | Killed a greater mummy
 74138 | Tomb:1   | Noticed a greater mummy
 74138 | Tomb:1   | Noticed a greater mummy
 74144 | Tomb:1   | Killed a greater mummy
 74172 | Tomb:1   | Killed a greater mummy
 74488 | Tomb:3   | Entered Level 3 of the Tomb of the Ancients
 74555 | Tomb:3   | Noticed a greater mummy
 74559 | Tomb:3   | Noticed a greater mummy
 74560 | Tomb:3   | Noticed a greater mummy
 74560 | Tomb:3   | Noticed a greater mummy
 74572 | Tomb:3   | Killed a greater mummy
 74576 | Tomb:3   | Killed a greater mummy
 74577 | Tomb:3   | Reached skill level 27 in Armour
 74578 | Tomb:3   | Killed a greater mummy
 74590 | Tomb:3   | Noticed a greater mummy
 74591 | Tomb:3   | Killed a greater mummy
 74650 | Tomb:3   | Noticed a greater mummy
 74657 | Tomb:3   | Noticed a greater mummy
 74678 | Tomb:3   | Killed a greater mummy
 74686 | Tomb:3   | Noticed a greater mummy
 74686 | Tomb:3   | Noticed a greater mummy
 74699 | Tomb:3   | Killed a greater mummy
 74702 | Tomb:3   | Killed a greater mummy
 74895 | Tomb:3   | Identified the Disquisition on Bewitchment
 74926 | Tomb:3   | Identified the +6 battleaxe "Xyri" {flame, Fragile rF++ MR+
                  | Dex+8}
 74931 | Tomb:3   | Identified the +1 plate armour of the Hidden Vale {rC+ rN++
                  | MR- Dex-2}
 74933 | Tomb:3   | Identified the +10 great sword of Courage {drain, MP+9
                  | Dex+4}
 74938 | Tomb:3   | Identified the ring "Voxkok" {Ice rPois Str+6 Int-4 Dex+2
                  | SInv}
 74940 | Tomb:3   | Identified the ring "Raczulix" {rPois rC+ rN+}
 74942 | Tomb:3   | Identified the +9 hunting sling of the Shouting Augurer
                  | {venom, rPois}
 74944 | Tomb:3   | Identified the Handbook of Air and Arcane Weapons
 75252 | Tomb:3   | Got a golden rune of Zot
 75702 | Hell     | Entered the Vestibule of Hell
 75702 | Hell     | Noticed Geryon
 75721 | Hell     | Killed Geryon
 75954 | Hell     | Found a gateway to the Iron City of Dis.
 76057 | Hell     | Found a gateway to the ashen valley of Gehenna.
 76141 | Hell     | Found a gateway to the decaying netherworld of Tartarus.
 76241 | Hell     | Found a gateway to the freezing wastes of Cocytus.
 76431 | Dis:1    | Entered Level 1 of the Iron City of Dis
 76556 | Dis:2    | Entered Level 2 of the Iron City of Dis
 77120 | Dis:2    | Identified the +4 staff of Dispater
 77120 | Dis:2    | Noticed Dispater
 77162 | Dis:2    | Killed Dispater
 77231 | Dis:2    | Got an iron rune of Zot
 77381 | Dis:2    | Identified the ring "Epocokip" {rElec Int+4 SInv}
 77418 | Dis:2    | Reached skill level 15 in Dodging
 77788 | Dis:2    | Found the amulet of the Four Winds {rN+ MR+++ Clar}
 78085 | Coc:1    | Entered Level 1 of Cocytus
 78111 | Coc:2    | Entered Level 2 of Cocytus
 78242 | Coc:2    | Learned a level 3 spell: Portal Projectile
 78308 | Coc:2    | Reached skill level 1 in Translocations
 78421 | Coc:2    | Reached skill level 5 in Translocations
 78658 | Coc:2    | Identified the ring of Qygaps {rElec rN+ Dex+6}
 78658 | Coc:2    | Noticed Antaeus
 78678 | Coc:2    | Killed Antaeus
 78757 | Coc:2    | Got an icy rune of Zot
 78760 | Coc:2    | Identified the ring of Cihir {rC+ Str+4}
 78773 | Coc:2    | Identified the Almanac of Battle Magic
 78944 | Coc:2    | Reached skill level 10 in Translocations
 78951 | Coc:2    | Learned a level 2 spell: Blink
 79024 | Geh:1    | Entered Level 1 of Gehenna
 79027 | Geh:1    | Reached skill level 1 in Spellcasting
 79130 | Geh:2    | Entered Level 2 of Gehenna
 79224 | Geh:2    | Noticed the Serpent of Hell
 79242 | Geh:2    | Killed the Serpent of Hell
 79243 | Geh:2    | Reached skill level 5 in Spellcasting
 79644 | Geh:2    | Reached skill level 10 in Spellcasting
 80367 | Geh:2    | Identified the +7 sceptre of Asmodeus
 80367 | Geh:2    | Noticed Asmodeus
 80386 | Geh:2    | Killed Asmodeus
 80409 | Geh:2    | Got an obsidian rune of Zot
 80609 | Tar:1    | Entered Level 1 of Tartarus
 80613 | Tar:2    | Entered Level 2 of Tartarus
 80701 | Tar:2    | Noticed an ancient lich
 80714 | Tar:2    | Killed an ancient lich
 80749 | Tar:2    | Noticed an ancient lich
 80820 | Tar:2    | Identified the cursed amulet "Itin" {Inacc +Inv}
 80863 | Tar:2    | Identified the +2 morningstar of the Imperium {crush, rF++
                  | Str-2}
 81046 | Tar:2    | Noticed Ereshkigal
 81090 | Tar:2    | Killed Ereshkigal
 81129 | Tar:2    | Got a bone rune of Zot
 81544 | Zot:5    | Got the Orb of Zot
 81562 | Zot:5    | Noticed Boust the pandemonium lord
 81714 | Depths:5 | Noticed Lom Lobon
 82051 | D:$      | Escaped with the Orb!

Skill      XL: |  1  2  3  4  5  6  7  8  9 10 11 12 13 14 15 16 17 18 19 20 21 22 23 24 25 26 27 |
---------------+----------------------------------------------------------------------------------+-----
Crossbows      | 5 6 7 9 10 11 12 16 17 18 21 24 27 | 27.0
Stealth        | 2 4 5 |  5.0
Fighting       | 3 4 5 6 7 9 10 11 12 14 15 19 20 22 25 27 | 27.0
Dodging        | 3 5 6 10 15 | 15.0
Armour         | 2 4 5 10 12 15 17 18 21 22 27 | 27.0
Evocations     | 2 5 7 10 11 26 | 26.5
Throwing       | 5 |  5.0
Axes           | 12 15 16 18 20 21 24 27 | 27.0
Translocations | 10 | 10.0
Spellcasting   | 10 | 10.0

Action                   |  1- 3 |  4- 6 |  7- 9 | 10-12 | 13-15 | 16-18 | 19-21 | 22-24 | 25-27 || total
-------------------------+-------+-------+-------+-------+-------+-------+-------+-------+-------++-------
Melee: Short sword       |     1 |       |       |       |       |       |       |       |       ||     1
       War axe           |       |    85 |   274 |   115 |       |       |       |       |       ||   474
       Dagger            |       |       |       |   446 |    44 |       |       |       |       ||   490
       Executioner's axe |       |       |       |    21 |  1254 |   710 |   660 |   642 |  1501 ||  4788
       Trident           |       |       |       |       |       |   160 |    68 |       |       ||   228
 Fire: Hand crossbow     |    62 |   111 |   134 |   188 |   340 |   298 |       |       |       ||  1133
       Arbalest          |       |       |       |       |       |   214 |   333 |       |       ||   547
       Triple crossbow   |       |       |       |       |       |       |   361 |   557 |  2196 ||  3114
       Blowgun           |       |       |       |       |       |       |       |     7 |     4 ||    11
Throw: Tomahawk          |       |       |    46 |   138 |   365 |   142 |   107 |    26 |       ||   824
       Javelin           |       |       |       |     8 |    11 |    17 |     5 |    22 |    84 ||   147
       Throwing net      |       |       |       |       |       |       |     3 |       |       ||     3
 Cast: Portal Projectile |       |       |       |       |       |       |       |       |     8 ||     8
Invok: Potion Petition   |       |       |     2 |     2 |     5 |     1 |     2 |     4 |    17 ||    33
       Bribe Branch      |       |       |       |       |       |       |       |       |     5 ||     5
Evoke: Wand              |       |       |     5 |    22 |    26 |    46 |    43 |    11 |    20 ||   173
       Lamp of fire      |       |       |       |     1 |     2 |     6 |     5 |     4 |    17 ||    35
       Phial of floods   |       |       |       |       |       |       |     2 |     4 |     6 ||    12
       Sack of spiders   |       |       |       |       |       |       |     1 |     5 |     8 ||    14
       Phantom mirror    |       |       |       |       |       |       |       |     1 |     6 ||     7
       Lightning rod     |       |       |       |       |       |       |       |     1 |     5 ||     6
       Box of beasts     |       |       |       |       |       |       |       |       |     7 ||     7
       Horn of Geryon    |       |       |       |       |       |       |       |       |     2 ||     2
       Fan of gales      |       |       |       |       |       |       |       |       |     1 ||     1
  Use: Scroll            |       |     1 |     9 |    15 |    15 |     8 |    18 |     9 |    29 ||   104
 Stab: Sleeping          |       |     1 |     4 |       |       |       |       |       |       ||     5
       Held in net/web   |       |       |       |     1 |       |     1 |     2 |       |       ||     4
       Distracted        |       |       |       |       |     8 |     8 |     8 |    16 |    18 ||    58
       Petrified         |       |       |       |       |     4 |       |       |       |       ||     4
       Paralysed         |       |       |       |       |       |     8 |       |     2 |       ||    10
       Invisible         |       |       |       |       |       |       |       |       |     9 ||     9
Armor: Leather armour    |     5 |    47 |   161 |       |       |       |       |       |       ||   213
       Plate armour      |       |       |     4 |   313 |       |       |       |       |       ||   317
       Crystal plate arm |       |       |       |   416 |  1848 |   830 |   675 |   435 |  1948 ||  6152
       Ring mail         |       |       |       |       |       |    24 |       |       |       ||    24
Dodge: Dodged            |    12 |   124 |   323 |   454 |   743 |   462 |   392 |   332 |  1675 ||  4517
